 Dungeon Crawl Stone Soup version 0.18-a0-19-g8b99b3a (webtiles) character file.

87 Raultor the Shield-Bearer (level 4, 0/28 HPs)
             Began as a Gargoyle Fighter on Nov 1, 2015.
             Slain by Natasha (5 damage)
             ... on level 2 of the Dungeon.
             The game lasted 00:02:57 (1157 turns).

Raultor the Shield-Bearer (Gargoyle Fighter)        Turns: 1157, Time: 00:02:57

Health: 0/28       AC: 11    Str: 21    XL:     4   Next: 51%
Magic:  4/4        EV:  7    Int:  8    God:
Gold:   80         SH:  9    Dex:  9    Spells: 0 memorised, 3 levels left

rFire  . . .     SeeInvis .     a - +0 flail
rCold  . . .     Clarity  .     b - +0 scale mail
rNeg   + . .     SustAt   .     c - +0 shield
rPois  ∞         Gourm    .     (no helmet)
rElec  +         Spirit   .     (no cloak)
rCorr  .         Warding  .     (no gloves)
rMut   .         Stasis   .     g - +0 pair of boots
MR     .....                    (no amulet)
Stlth  ..........               (no ring)
                                (no ring)

@: slowed, very slow, not resistant to hostile enchantments, extremely
unstealthy
A: negative energy resistance 1, electricity resistance, unbreathing,
petrification resistance, rot immunity, AC +3
a: no special abilities


You were on level 2 of the Dungeon.
You were not hungry.

You visited 1 branch of the dungeon, and saw 2 of its levels.

You collected 80 gold pieces.

Inventory:

Hand Weapons
 a - a +0 flail (weapon)
Armour
 b - a +0 scale mail (worn)
 c - a +0 shield (worn)
 g - a +0 pair of boots (worn)
Jewellery
 m - an uncursed amulet of regeneration {unknown}
Scrolls
 h - a scroll of magic mapping {unknown}
 l - 4 scrolls of identify {unknown}
 n - a scroll of noise {unknown}
Potions
 d - a potion of might
 j - 2 potions of curing {unknown}
 k - 2 potions of resistance {unknown}
Comestibles
 e - 4 bread rations
 f - 2 chunks of flesh
 i - a slice of pizza


   Skills:
 - Level 3.2 Fighting
 * Level 3.1 Maces & Flails
 + Level 4.1 Armour
 + Level 4.2 Shields


You had 3 spell levels left.
You didn't know any spells.

Dungeon Overview and Level Annotations

Branches:
Dungeon (2/15)

Altars:
Ashenzari

Annotations:
D:2 Natasha


Innate Abilities, Weirdness & Mutations

You are resistant to torment.
Your stone body is resilient (AC +3).
You are immune to poison.
You resist negative energy.
You are resistant to electric shocks.
You can survive without breathing.
You are immune to petrification.
You are immune to rotting.


Message History

Natasha claws you but does no damage. Natasha claws you.
You closely miss Natasha. Natasha closely misses you. Natasha claws you.
Your shield and scale mail prevent you from hitting Natasha.
Natasha claws you but does no damage. You block the crimson imp's attack.
Natasha claws you but does no damage.
You hit Natasha.
Natasha is moderately wounded.
The crimson imp hits you but does no damage.
You block Natasha's attack.
The crimson imp hits you but does no damage.
Natasha stares at you and mumbles some strange words.
The magic dart hits you!
* * * LOW HITPOINT WARNING * * *
The crimson imp hits you but does no damage.
You hit Natasha.
Natasha is severely wounded.
You block Natasha's attack.
The crimson imp hits you but does no damage.
Natasha claws you.
You die...

.# #####..#########.# ##.##
.# ####..# #.# #.# .#
#.....#########.# #.###
.#####.#...#.......#.# #...#
.....................# #.#.#
.#######...#.........####
#.#.# .#####
##.##............# #.#.#
.#.#.# #.##....5...###.#
#.#.# .##s.#
#.......@h..###.###...###
.#s.##
####.....................
.#.#.#
#.................#####
.#...######.#.#########.#...#
.#...#......#.# #..........#
.#..#########.#
#.####.##..##### .#...#
#.####.####.##....... .##.##
#...........##..##### .#...#
######.#######..# ###


You could see Natasha and a crimson imp.

Vanquished Creatures
  Natasha (D:2)
  An adder (D:2)
  A gnoll (D:1)
  2 worms (D:2)
  11 bats
  2 giant cockroaches (D:1)
  5 goblins
  5 hobgoblins
  3 giant newts
  2 kobolds (D:1)
  7 rats
40 creatures vanquished.

Notes
Turn   | Place    | Note
--------------------------------------------------------------
     0 | D:1      | Raultor the Gargoyle Fighter began the quest for the Orb.
     0 | D:1      | Reached XP level 1. HP: 14/14 MP: 1/1
    88 | D:1      | Reached XP level 2. HP: 16/19 MP: 2/2
   209 | D:1      | Reached XP level 3. HP: 20/23 MP: 3/3
   651 | D:2      | Reached skill level 4 in Armour
   675 | D:2      | Noticed Natasha
   679 | D:2      | Killed Natasha
   679 | D:2      | Reached XP level 4. HP: 28/28 MP: 4/4
  1081 | D:2      | Found a shattered altar of Ashenzari.
  1085 | D:2      | Saw a vision of the Shoals and the Spider Nest.
  1085 | D:2      | Noticed a hippogriff
  1085 | D:2      | Noticed a siren
  1085 | D:2      | Noticed a hippogriff
  1085 | D:2      | Noticed a merfolk
  1085 | D:2      | Noticed a hippogriff
  1085 | D:2      | Noticed a merfolk
  1085 | D:2      | Noticed a sea snake
  1115 | D:2      | Noticed a trapdoor spider
  1143 | D:2      | Noticed Natasha
  1157 | D:2      | Slain by Natasha

Vault maps used:
D:1:      mrwooster_arrival_statue_2, bh_walls_and_bars
D:2:      first_bread, grunt_ashenzari_visionary, uniq_natasha

Action                   |  1- 3 |  4- 6 || total
-------------------------+-------+-------++-------
Melee: Flail             |    70 |    65 ||   135
  Eat: Chunk             |       |     1 ||     1
